 Dungeon Crawl Stone Soup version 0.30-a0-1114-gd936c97349 (webtiles) character file.

Game seed: 12447442597324839983

13260 MacCMillion the Grappler (level 11, 0/107 HPs)
             Began as a Troll Fighter on Apr 21, 2023.
             Was a High Priest of Okawaru.
             Slain by an unseen horror (3 damage)
             ... on level 1 of the Abyss.
             The game lasted 00:25:41 (12438 turns).

MacCMillion the Grappler (Troll Fighter)           Turns: 12438, Time: 00:25:42

Health: 0/107      AC: 11    Str: 36    XL:     11   Next: 73%
Magic:  0/16       EV:  9    Int:  4    God:    Okawaru [*****.]
Gold:   598        SH:  8    Dex:  5    Spells: 10/10 levels left

rFire   + . .      SeeInvis .      - Unarmed
rCold   + + +      Faith    .    b - +0 kite shield
rNeg    . . .      Spirit   +    M - +1 steam dragon scales
rPois   +          Reflect  .    W - +3 hat "Otsa" {rPois rC+++ Dex-4 Slay-2}
rElec   .          Rampage  .    (no cloak)
rCorr   .                        (gloves unavailable)
Will    .....                    (boots unavailable)
Stlth   +                        k - amulet of guardian spirit
HPRegen 1.17/turn                B - +6 ring of strength
MPRegen 0.15/turn                F - ring of protection from fire

@: studying Air Magic
A: large, unfitting armour, claws 3, regeneration 1, shaggy fur 1, tough skin 1
a: Renounce Religion, Heroism, Finesse, Duel


You were on level 1 of the Abyss.
You worshipped Okawaru.
Okawaru was extremely pleased with you.
You visited 2 branches of the dungeon, and saw 12 of its levels.
You visited the Abyss 1 time.

You collected 598 gold pieces.

Inventory:

Missiles
 x - 2 throwing nets (quivered)
 C - 3 silver boomerangs
 D - 7 boomerangs
 L - 5 javelins
 N - 2 boomerangs of dispersal
 P - 12 poisoned darts
 T - 2 atropa-tipped darts
Armour
 a - a +0 robe
 b - a +0 kite shield (worn)
 I - a +0 troll leather armour
 M - +1 steam dragon scales (worn)
 W - the +3 hat "Otsa" (worn) {rPois rC+++ Dex-4 Slay-2}
   (Okawaru gifted it to you on level 9 of the Dungeon)

   Dex:       It affects your dexterity (-4).
   Slay:      It affects your accuracy & damage with ranged weapons and melee
   (-2).
   rC:        It renders you almost immune to cold.
   rPois:     It protects you from poison.
Jewellery
 k - an amulet of guardian spirit (around neck)
 u - a ring of resist corrosion
 B - a +6 ring of strength (left claw)
 E - a ring of ice
 F - a ring of protection from fire (right claw)
 X - a +6 ring of dexterity
 Y - an amulet of faith
Wands
 v - a wand of roots (14)
 y - a wand of flame (21)
 A - a wand of mindburst (3)
Scrolls
 e - 4 scrolls of fog
 g - 4 scrolls of immolation
 h - 2 scrolls of magic mapping
 i - 3 scrolls of enchant weapon
 p - a scroll of torment
 s - a scroll of silence
 G - a scroll of fear {unknown}
 H - a scroll of noise {unknown}
 O - a scroll of poison {unknown}
 Q - a scroll of amnesia {unknown}
 R - a scroll of blinking {unknown}
 S - a scroll of teleportation {unknown}
 V - a scroll of identify
 Z - a scroll of vulnerability {unknown}
Potions
 c - 5 potions of might
 d - a potion of flight
 j - a potion of lignification
 l - 3 potions of attraction
 m - a potion of mutation {unknown}
 n - a potion of magic {unknown}
 o - 3 potions of curing {unknown}
 q - 3 potions of resistance
 r - a potion of heal wounds {unknown}
 t - 2 potions of haste {unknown}
 w - 2 potions of degeneration {unknown}
 z - a potion of cancellation {unknown}
 J - a potion of brilliance {unknown}
 K - a potion of invisibility {unknown}
 U - 5 potions of ambrosia


   Skills:
 + Level 6.6 Fighting
 + Level 6.5 Throwing
 + Level 4.4 Dodging
 + Level 7.2 Shields
 * Level 10.7 Unarmed Combat
 - Level 8.0 Invocations


You had 10 spell levels left.
You didn't know any spells.
Your spell library contained the following spells:

 Spells                   Type           Power      Damage    Failure   Level
 Magic Dart               Conj           0%         1d3       75%         1
 Scorch                   Fire           0%         2d5       87%         2
 Searing Ray              Conj           0%         2d4       87%         2
 Dazzling Flash           Conj/Hex       0%         N/A       98%         3
 Portal Projectile        Hex/Tloc       0%         N/A       98%         3
 Flame Wave               Conj/Fire      0%         2d4       100%        4
 Fulminant Prism          Conj/Hex       0%         3d5       100%        4
 Leda's Liquefaction      Hex/Erth       0%         N/A       100%        4
 Passage of Golubria      Tloc           0%         N/A       100%        4
 Agony                    Necr           0%         N/A       100%        5
 Blade Hands              Tmut           0%         N/A       100%        5
 Silence                  Hex/Air        0%         N/A       100%        5
 Yara's Violent Unravell  Hex/Tmut       0%         3d3       100%        5
 Call Canine Familiar     Summ           Unusable   N/A       N/A         3
 Tukima's Dance           Hex            Unusable   N/A       N/A         3
 Summon Cactus Giant      Summ           Unusable   N/A       N/A         6

Dungeon Overview and Level Annotations

Branches:
Dungeon (11/15)            Temple (1/1) D:5            Lair (0/5) D:9
    Orc (0/2) D:9

Altars:
Cheibriados
Dithmenos
Fedhas
Gozag
Nemelex Xobeh
Okawaru
Sif Muna
Trog
Uskayaw
Wu Jian
Xom
Yredelemnul
Zin
The Shining One

Shops:
D:2 [   D:4 (   D:5 :   D:7 =

Annotations:
D:3 1 runed translucent door, Crazy Yiuf
D:9 3 runed translucent doors, dluga93's ghost, novice OpFE
D:10 Psyche


Innate Abilities, Weirdness & Mutations

You are too large for most types of armour.
You have claws for hands.
Your natural rate of healing is unusually fast.
You are covered in fur. (AC +1)
You have tough skin. (AC +1)


Message History

You block the starcursed mass's attack.
The starcursed mass attacks as you move away!
The starcursed mass touches you!
* * * LOW HITPOINT WARNING * * *
Something hits you.
* * * LOW HITPOINT WARNING * * *
A smoke demon comes into view.
A starcursed mass splits.
As you read the scroll labelled KIF BAMOADE, it crumbles to dust.
It is a scroll of enchant armour.
Your +0 steam dragon scales glow green for a moment.
The smoke demon roars!
Something hits you but does no damage. x2
Something hits you but does no damage. x2
Something hits you.
* * * LOW HITPOINT WARNING * * *
Something hits you but does no damage. You block something's attack.
Something hits you but does no damage. You block something's attack.
You barely miss something. Something hits you.
* * * LOW HITPOINT WARNING * * *
The starcursed mass shrieks in your mind.
* * * LOW HITPOINT WARNING * * *
Something hits you.
* * * LOW HITPOINT WARNING * * *
You closely miss something. Something hits you.
* * * LOW HITPOINT WARNING * * *
The starcursed mass attacks as you move away!
The starcursed mass touches you.
* * * LOW HITPOINT WARNING * * *
Something hits you.
* * * LOW HITPOINT WARNING * * *
You mangle the starcursed mass!!
You destroy the starcursed mass!
Okawaru accepts your kill. Something hits you but does no damage.
A chorus of shrieks assaults your mind.
* * * LOW HITPOINT WARNING * * *
Something hits you.
You die...

### #.. ..
..### .# #
#...##.###..
#....#....#
##XX.@..#..#
#.X###.#..#
##..#.#X.# .#
#..X.#.###
#..X. #.###
#.##..##XXX.#
..#...X...X#.#
#.. #.....
#..# ### #
.#...#...#


You could see 4 starcursed masses.

Vanquished Creatures
  2 two-headed ogres
  A boulder beetle (D:7)
  A deep elf pyromancer (D:8)
  Maggie (D:6)
  A queen bee (D:9)
  2 polar bears (D:9)
  Grinder (D:3)
  2 trolls
  2 large abominations (Abyss:1)
  A slime creature (D:7)
  A wraith (D:7)
  Sigmund (D:3)
  2 wyverns
  5 yaks
  3 fire bats (Abyss:1)
  2 starcursed masses (Abyss:1)
  A chaos spawn (Abyss:1)
  A steam dragon (D:8)
  2 water moccasins
  2 black bears
  10 orc warriors
  5 sky beasts
  5 ice beasts
  3 wolves (D:9)
  2 centaurs
  A phantom (D:4)
  4 bullfrogs
  3 gnoll sergeants
  3 scorpions
  13 wights
  35 killer bees
  3 howler monkeys
  3 hounds
  7 orc priests
  3 jellies (D:5)
  3 iguanas
  2 sleepcaps (D:6)
  Jessica (D:3)
  11 orc wizards
  A killer bee zombie (D:8)
  3 howler monkey zombies (D:8)
  14 gnolls
  8 adders
  A shadow imp (D:7)
  4 white imps
  2 ufetubi (D:5)
  4 dart slugs
  68 orcs
  5 ball pythons
  7 endoplasms
  6 giant cockroaches
  2 goblins
  11 hobgoblins
  4 quokkas
  4 bats
  3 frilled lizards
  13 kobolds
  4 rats (D:1)
315 creatures vanquished.

Vanquished Creatures (others)
  4 withered plants (D:8)
4 creatures vanquished.

Grand Total: 319 creatures vanquished

Notes
Turn   | Place    | Note
-------+----------+-------------------------------------------
     0 | D:1      | MacCMillion the Troll Fighter began the quest for the Orb.
     0 | D:1      | Reached XP level 1. HP: 22/22 MP: 0/0
   222 | D:1      | Reached XP level 2. HP: 29/29 MP: 1/1
   795 | D:1      | Reached XP level 3. HP: 36/36 MP: 2/2
  1055 | D:2      | Found Laza's Antique Armour Shoppe.
  1176 | D:2      | Reached skill level 3 in Unarmed Combat
  1459 | D:2      | Reached XP level 4. HP: 44/44 MP: 3/3
  1703 | D:2      | Found a shimmering blue altar of Sif Muna.
  2176 | D:3      | Reached XP level 5. HP: 52/53 MP: 4/4
  2198 | D:3      | Noticed Sigmund
  2222 | D:3      | Killed Sigmund
  2223 | D:3      | Reached skill level 4 in Unarmed Combat
  2223 | D:3      | Reached XP level 6. HP: 61/61 MP: 5/5
  2480 | D:3      | Noticed Grinder
  2487 | D:3      | Killed Grinder
  2488 | D:3      | Reached skill level 5 in Unarmed Combat
  2747 | D:3      | Found a runed translucent door.
  2748 | D:3      | Noticed Crazy Yiuf
  2928 | D:3      | Noticed Jessica
  2938 | D:3      | Killed Jessica
  2939 | D:3      | Reached XP level 7. HP: 68/68 MP: 6/6
  2950 | D:3      | Found a faded altar of an unknown god.
  3301 | D:4      | Found Laenef's Weapon Shop.
  3354 | D:4      | Found a sparkling altar of Nemelex Xobeh.
  3578 | D:4      | Reached skill level 6 in Unarmed Combat
  3987 | D:5      | Entered Level 5 of the Dungeon
  5067 | D:5      | Found a staircase to the Ecumenical Temple.
  5073 | Temple   | Entered the Ecumenical Temple
  5087 | Temple   | Became a worshipper of Warmaster Okawaru
  5105 | D:5      | Reached skill level 5 in Shields
  5105 | D:5      | Reached XP level 8. HP: 79/79 MP: 7/7
  5310 | D:5      | Found Oklehuq's Book Emporium.
  5538 | D:5      | Found Oklehuq's Book Emporium.
  5582 | D:5      | Reached skill level 7 in Unarmed Combat
  5635 | D:5      | Found a staircase to the Ecumenical Temple.
  6052 | D:6      | Reached skill level 1 in Invocations
  6697 | D:6      | Reached * piety under Okawaru
  6736 | D:6      | Noticed Maggie
  6747 | D:6      | Killed Maggie
  6748 | D:6      | Reached skill level 5 in Fighting
  6748 | D:6      | Reached skill level 8 in Unarmed Combat
  6871 | D:6      | Reached XP level 9. HP: 74/88 MP: 7/10
  7104 | D:7      | Identified the +3 long sword of Def Vats {heavy, Dex+4}
  7143 | D:7      | Reached skill level 1 in Throwing
  7241 | D:7      | Found Zeupuppoosh's Jewellery Emporium.
  7339 | D:7      | Reached ** piety under Okawaru
  7510 | D:6      | Reached skill level 5 in Throwing
  7709 | D:7      | Noticed a troll
  8081 | D:7      | Noticed a two-headed ogre
  8103 | D:7      | Reached *** piety under Okawaru
  8114 | D:7      | Killed a two-headed ogre
  8115 | D:7      | Reached skill level 9 in Unarmed Combat
  8115 | D:7      | Reached XP level 10. HP: 87/98 MP: 6/11
  8400 | D:7      | Noticed a boulder beetle
  8411 | D:7      | Killed a boulder beetle
  8411 | D:7      | Reached **** piety under Okawaru
  8835 | D:8      | Noticed a deep elf pyromancer
  8840 | D:8      | Killed a deep elf pyromancer
  8841 | D:8      | Reached skill level 10 in Unarmed Combat
  8844 | D:8      | Received a gift from Okawaru
  9253 | D:8      | Reached ***** piety under Okawaru
  9688 | D:8      | Found a shimmering altar of Xom.
  9723 | D:8      | Reached XP level 11. HP: 106/107 MP: 12/12
 10032 | D:9      | Found a runed translucent gate.
 10264 | D:9      | Found a runed translucent gate.
 10264 | D:9      | Found an opulent altar of Gozag.
 10265 | D:9      | Found a runed translucent gate.
 10265 | D:9      | Noticed a centaur warrior
 10266 | D:9      | Noticed dluga93's ghost (novice OpFE)
 10266 | D:9      | Noticed a centaur warrior
 10801 | D:9      | Reached skill level 5 in Invocations
 10871 | D:9      | Received a gift from Okawaru
 11304 | D:9      | Found a staircase to the Lair.
 11581 | D:9      | Identified the +3 hat "Otsa" {rPois rC+++ Dex-4 Slay-2}
                  | (Okawaru gifted it to you on level 9 of the Dungeon)
 11581 | D:9      | Received a gift from Okawaru
 11690 | D:9      | Found a staircase to the Orcish Mines.
 11813 | D:10     | Entered Level 10 of the Dungeon
 11829 | D:10     | Noticed a two-headed ogre
 11842 | D:10     | Killed a two-headed ogre
 12180 | D:10     | You fall into a shaft and drop 1 floor!
 12298 | D:10     | Noticed Psyche
 12305 | Abyss:1  | Cast into level 1 of the Abyss (Psyche)
 12410 | Abyss:1  | Noticed a starcursed mass
 12425 | Abyss:1  | Killed a starcursed mass
 12438 | Abyss:1  | HP: 3/107 [starcursed mass/accursed screaming (11)]
 12438 | Abyss:1  | Slain by an unseen horror

Illustrated notes

Levels and vault maps discovered:
D:1:      lightli_iron_boxes, layout_loops_corners, minmay_misc_feat_alley
D:2:      layout_basic, serial_shops, shop, basic_altar
D:3:      wander_river, layout_loops_ring,
          hellmonk_ecumenical_altar_leap_of_faith, minmay_misc_feat_doors,
          uniq_grinder, uniq_crazy_yiuf_cottage, uniq_sigmund, uniq_jessica
D:4:      layout_basic, lemuel_doored_altar, serial_shops,
          nicolae_shop_just_a_little_nook
D:5:      layout_loops_ring, temple_green, serial_shops, shop,
          hangedman_decor_opposing, chequers_serial_rivers_room_a
D:6:      layout_loops_ring, columned_hall_lemuel, hangedman_decor_riveting,
          uniq_maggie
D:7:      minmay_slanted_spiral_squares, layout_rooms, serial_shops, shop
D:8:      layout_basic, tgw_xom, serial_undead, serial_undead_f,
          serial_undead_f, serial_undead_d, serial_undead_b, special_room
          [special_room_orc], minmay_manual_macuahuitl
D:9:      layout_loops_ring, hellmonk_lair_entry_icy, david_orc_4,
          ebering_ghost_gozag, minivault_7
D:10:     layout_roguey, uniq_psyche
D:11:     layout_cave_pools, hangedman_decor_growths,
          chequers_serial_rivers_small_3, bh_walls_and_bars, uniq_grum
Temple:   nicolae_temple_bog_church
Abyss:1:  base:
D:3

Skill      XL: |  1  2  3  4  5  6  7  8  9 10 11 |
---------------+----------------------------------+-----
Shields        | 3 4 5 6 7 |  7.2
Unarmed Combat | 3 4 5 6 8 9 10 | 10.7
Fighting       | 3 4 5 6 |  6.6
Invocations    | 2 3 8 |  8.0
Throwing       | 5 6 |  6.5
Dodging        | 3 4 |  4.4

Action                     |  1- 3 |  4- 6 |  7- 9 | 10-12 || total
---------------------------+-------+-------+-------+-------++-------
  Melee: Unarmed           |    99 |    75 |   318 |   526 ||  1018
 Invoke: Heroism           |       |       |     2 |       ||     2
    Use: Potion            |       |     2 |       |       ||     2
         Scroll            |       |       |     8 |     1 ||     9
   Stab: Distracted        |       |       |       |     1 ||     1
 Armour: Robe              |    24 |    14 |    45 |     4 ||    87
         Skin              |       |     1 |       |    13 ||    14
         Troll leather arm |       |       |       |    10 ||    10
         Steam dragon scal |       |       |       |   111 ||   111
  Dodge: Dodged            |    33 |    15 |    96 |   161 ||   305
  Block: Kite shield       |    28 |    20 |   113 |   201 ||   362

Table legend: (Time is in decaauts)
 A = Elapsed time spent in this place.
 B = Non-inter-level travel time spent in this place.
 C = Inter-level travel time spent in this place.
 D = Time resting spent in this place.
 E = Time spent auto-exploring this place.
 F = Levels seen in this place.
 G = Mean time per level.
                   A        B        C        D        E       F      G
               +--------+--------+--------+--------+--------+-----+--------+
         Total |  12408 |  11936 |    472 |   2455 |   6955 |  13 |  954.5 |
       Dungeon |  12255 |  11783 |    472 |   2446 |   6919 |  11 | 1114.1 |
        Temple |     22 |     22 |      0 |      0 |      3 |   1 |   22.0 |
         Abyss |    130 |    130 |      0 |      9 |     33 |   1 |  130.0 |
               +--------+--------+--------+--------+--------+-----+--------+

Top non-repeatable levels by time:
     D:5: 2007 daAuts
     D:9: 1692 daAuts
     D:7: 1385 daAuts
     D:8: 1373 daAuts
     D:6: 1243 daAuts
     D:3: 1207 daAuts
     D:1: 1061 daAuts
     D:2: 929 daAuts
     D:4: 866 daAuts
    D:10: 483 daAuts
 Abyss:1: 130 daAuts
  Temple: 22 daAuts
    D:11: 4 daAuts
